 Dungeon Crawl Stone Soup version 0.23.1 (webtiles) character file.

Game seed: 16891484694159030008

2628 Marnok the Carver (level 9, -3/70 HPs)
             Began as a Minotaur Fighter on Mar 7, 2019.
             Was a Priest of Hepliaklqana.
             Killed from afar by Maurice (25 damage)
             ... with a wand of acid (5)
             ... on level 8 of the Dungeon.
             The game lasted 00:30:46 (4827 turns).

Marnok the Carver (Minotaur Fighter)                Turns: 4827, Time: 00:30:50

Health: -3/70      AC: 19    Str: 23    XL:     9   Next: 35%
Magic:  8/8        EV:  7    Int: 10    God:    Hepliaklqana [***...]
Gold:   0          SH:  6    Dex: 11    Spells: 8/8 levels left

rFire    . . .     SeeInvis .   a - +0 long sword
rCold    . . .     Gourm    .   I - +0 buckler
rNeg     . . .     Faith    .   h - +2 plate armour
rPois    +         Spirit   .   (helmet restricted)
rElec    .         Reflect  .   (no cloak)
rCorr    .         Harm     .   v - +2 pair of gloves
MR       .....                  (no boots)
Stlth    ..........             y - amulet of magic regeneration
HPRegen  0.21/turn              B - ring of poison resistance
MPRegen  0.36/turn              s - ring of flight

@: brilliant
A: retaliatory headbutt, reduced essence, horns 2
a: Recall Ancestor, Ancestor Identity, Transference, Renounce Religion, Evoke
Flight


You were on level 8 of the Dungeon.
You worshipped Hepliaklqana.
Hepliaklqana was most pleased with you.
You were not hungry.

You visited 1 branch of the dungeon, and saw 9 of its levels.
You also visited: Sewer.

Inventory:

Hand Weapons
 a - a +0 long sword (weapon)
 b - a +2 rapier of holy wrath
 E - a +1 spear of venom
 G - a +0 long sword
 H - a +2 whip of flaming
Missiles
 F - 24 sling bullets
Armour
 c - a +0 shield
 h - a +2 plate armour (worn)
 v - a +2 pair of gloves (worn)
 I - a +0 buckler (worn)
Magical Staves
 o - an uncursed staff of summoning
Jewellery
 s - a ring of flight (right hand)
 u - an uncursed ring of wizardry
 w - an uncursed ring of wizardry
 y - an amulet of magic regeneration (around neck)
 B - a ring of poison resistance (left hand)
Wands
 z - a wand of paralysis (7)
 A - a wand of digging (8)
 D - a wand of iceblast (5)
Scrolls
 e - 3 scrolls of teleportation
 m - 4 scrolls of blinking {unknown}
 p - a scroll of fear {unknown}
 t - a scroll of fog
 J - 2 scrolls of noise {unknown}
 K - 2 scrolls of identify
Potions
 j - a potion of curing
 l - a potion of flight
 q - 2 potions of degeneration
 x - a potion of ambrosia
 C - 2 potions of brilliance
Comestibles
 f - 9 rations


   Skills:
 + Level 6.8 Fighting
 + Level 9.0 Long Blades
 + Level 8.3 Armour
 + Level 2.0 Dodging
 + Level 0.9 Stealth
 + Level 8.7 Shields


You had 8 spell levels left.
You didn't know any spells.
Your spell library contained the following spells:

 Spells                   Type           Power        Failure   Level  Hunger
 Corona                   Hex            #......      43%         1    ##.....
 Ensorcelled Hibernation  Hex/Ice        #.....       56%         2    ###....
 Slow                     Hex            #.......     56%         2    ###....
 Confuse                  Hex            #.......     77%         3    ####...
 Dazzling Spray           Conj/Hex       #.....       77%         3    ####...
 Inner Flame              Hex/Fire       #.......     77%         3    ####...
 Portal Projectile        Hex/Tloc       #.....       77%         3    ####...
 Tukima's Dance           Hex            #.......     77%         3    ####...
 Cause Fear               Hex            #.........   98%         4    #####..
 Leda's Liquefaction      Hex/Erth       #.........   98%         4    #####..


Dungeon Overview and Level Annotations

Branches:
Dungeon (9/15)             Temple (0/1) D:5
   Lair: D:8-11         Orc: D:9-12

Altars:
Ashenzari
Cheibriados
Dithmenos
Hepliaklqana
Kikubaaqudgha
Makhleb
Nemelex Xobeh
Qazlal
Sif Muna
Vehumet
Xom
Zin

Annotations:
D:8 Maurice


Innate Abilities, Weirdness & Mutations

You reflexively headbutt those who attack you in melee.
You have a pair of horns on your head.
Your life essence is reduced to manifest your ancestor. (-10% HP)


Message History

It was a potion of magic.
Magic courses through your body.
Maurice gestures wildly while chanting.
Maurice blinks!
It was a potion of flight.
You feel very buoyant.
You fly up into the air.
It was a potion of haste.
You feel yourself speed up.
It was a potion of cancellation.
Your magical effects are unravelling.
You feel magically purged.
You feel yourself slow down.
You float gracefully downwards.
You feel a little less mighty now.
You are no longer corroded.
It was a potion of brilliance.
You feel clever all of a sudden.
Maurice zaps a wand.
The bolt of acid hits Xochitl!
Xochitl is splashed with acid.
The acid corrodes Xochitl!
Xochitl is destroyed!
The bolt of acid hits you!!
You die...

....# ....#
....# ....#
....# #######
..###
###....<#
#.....
#.......#
#.##########
#.#.###.#
#..........#
# #@..#.#
#.########.#
#ยง#@#.# ..#
#.# #.#.#.#
#.# #.# ###
#.# #.# #.#
#.# #.#
#.#########.#
#.#
#...........#
..#
#############
###


You could see Maurice.

Vanquished Creatures
  Pikel (D:7)
  A hippogriff (D:7)
  Eustachio (D:5)
  A hungry ghost (D:8)
  2 ice beasts
  A phantom (D:8)
  2 ogres
  2 centaurs
  3 bullfrogs
  A gnoll sergeant (D:8)
  2 scorpions
  A bullfrog zombie (D:7)
  A centaur zombie (D:7)
  3 hounds
  A jelly (D:8)
  2 iguanas
  6 worker ants
  Natasha (thrice) (D:2)
  A bullfrog skeleton (D:6)
  A killer bee zombie (D:7)
  A worker ant zombie (D:6)
  3 gnolls (D:8)
  11 adders
  6 river rats (Sewer)
  An adder zombie (D:6)
  4 worms
  A dart slug (D:2)
  3 leopard geckos
  2 orcs
  5 ball pythons
  A giant cockroach (D:1)
  4 goblins
  3 hobgoblins
  A kobold (D:3)
  4 quokkas
  8 bats
  7 frilled lizards
  A jackal skeleton (D:4)
  10 rats
112 creatures vanquished.

Vanquished Creatures (collateral kills)
  A jelly (D:7)
  An adder zombie (D:5)
  A leopard gecko (D:7)
  An orc (D:7)
  A giant cockroach (D:5)
  A quokka (D:8)
6 creatures vanquished.

Vanquished Creatures (others)
  Psyche (D:8)
  2 knights (D:8)
3 creatures vanquished.

Grand Total: 121 creatures vanquished

Notes
Turn   | Place    | Note
-------+----------+-------------------------------------------
     0 | D:1      | Marnok the Minotaur Fighter began the quest for the Orb.
     0 | D:1      | Reached XP level 1. HP: 19/19 MP: 0/0
   146 | D:2      | Reached XP level 2. HP: 27/27 MP: 1/1
   354 | D:2      | Reached XP level 3. HP: 32/33 MP: 2/2
   491 | D:2      | Noticed Natasha
   496 | D:2      | Killed Natasha
   496 | D:2      | Reached XP level 4. HP: 26/41 MP: 3/3
   828 | D:2      | Noticed Natasha
   832 | D:2      | Killed Natasha
   908 | D:2      | Noticed Natasha
   913 | D:2      | Killed Natasha
   913 | D:2      | Reached skill level 3 in Long Blades
   913 | D:2      | Reached skill level 5 in Armour
   967 | D:2      | Reached XP level 5. HP: 44/47 MP: 4/4
  1125 | D:4      | Reached skill level 5 in Shields
  1140 | D:4      | Noticed an ogre
  1468 | D:3      | Reached skill level 1 in Dodging
  1566 | D:3      | Found a deep blue altar of Sif Muna.
  1566 | D:3      | Found a faded altar of an unknown god.
  1576 | D:3      | Found a faded altar of an unknown god.
  1578 | D:3      | Found a burning altar of Makhleb.
  1579 | D:3      | Found a snail-covered altar of Cheibriados.
  1589 | D:3      | Became a worshipper of Hepliaklqana the Forgotten
  1589 | D:3      | Reached * piety under Hepliaklqana
  2013 | D:4      | Reached XP level 6. HP: 27/47 MP: 5/5
  2118 | D:4      | Reached skill level 4 in Long Blades
  2126 | D:5      | Entered Level 5 of the Dungeon
  2128 | D:5      | Noticed Eustachio
  2145 | D:5      | Killed Eustachio
  2145 | D:5      | Reached skill level 5 in Fighting
  2145 | D:5      | Reached skill level 5 in Long Blades
  2146 | D:5      | Reached XP level 7. HP: 54/54 MP: 6/6
  2153 | D:5      | Found a glowing drain.
  2172 | Sewer    | Entered a sewer
  2604 | D:5      | Found a staircase to the Ecumenical Temple.
  2617 | D:5      | Reached ** piety under Hepliaklqana
  2649 | D:5      | Found a shadowy altar of Dithmenos.
  2672 | D:5      | Remembered your ancestor Xochitl as a knight
  2830 | D:5      | Found a sparkling altar of Nemelex Xobeh.
  2923 | D:8      | Found a shattered altar of Ashenzari.
  2929 | D:8      | Killed Psyche
  3031 | D:6      | Reached skill level 6 in Long Blades
  3175 | D:6      | Found a stormy altar of Qazlal.
  3182 | D:6      | Reached XP level 8. HP: 63/63 MP: 7/7
  3342 | D:6      | Found a snail-covered altar of Cheibriados.
  3443 | D:6      | Found a hazy altar of Hepliaklqana.
  3479 | D:6      | Reached skill level 7 in Long Blades
  3490 | D:6      | Found an ancient bone altar of Kikubaaqudgha.
  3923 | D:8      | Found a radiant altar of Vehumet.
  3929 | D:8      | Reached skill level 8 in Long Blades
  4153 | D:7      | Noticed Pikel
  4166 | D:7      | Killed Pikel
  4166 | D:7      | Reached XP level 9. HP: 33/70 MP: 8/8
  4376 | D:7      | Found a shimmering altar of Xom.
  4376 | D:7      | Found a glowing silver altar of Zin.
  4376 | D:7      | Noticed an angel
  4395 | D:7      | Reached *** piety under Hepliaklqana
  4519 | D:7      | Reached skill level 9 in Long Blades
  4812 | D:8      | Noticed Maurice
  4827 | D:8      | Killed from afar by Maurice

Skill      XL: |  1  2  3  4  5  6  7  8  9 |
---------------+----------------------------+-----
Fighting       | 4 5 6 |  6.8
Armour         | 4 5 6 8 |  8.3
Shields        | 4 5 6 8 |  8.7
Long Blades    | 3 5 6 8 9 |  9.0
Dodging        | 1 2 |  2.0
Stealth        | |  0.9

Action                   |  1- 3 |  4- 6 |  7- 9 || total
-------------------------+-------+-------+-------++-------
Melee: Long sword        |    61 |   110 |   248 ||   419
       Headbutt          |     8 |    17 |    59 ||    84
Invok: Recall Ancestor   |       |       |     1 ||     1
       Ancestor Life: Kn |       |       |     1 ||     1
       Transference      |       |       |     1 ||     1
  Use: Scroll            |       |    14 |     3 ||    17
       Potion            |       |     2 |    12 ||    14
 Stab: Distracted        |       |       |     1 ||     1
  Eat: Chunk             |       |     4 |    11 ||    15
Armor: Plate armour      |    44 |    58 |   152 ||   254
       Scale mail        |     2 |       |       ||     2
Dodge: Dodged            |    10 |    19 |    52 ||    81
Block: Shield            |    35 |    65 |   113 ||   213
       Buckler           |       |       |    17 ||    17
       Rpst.: Long sword |     3 |     8 |    16 ||    27
